 Dungeon Crawl Stone Soup version 0.31-a0-986-g5e6e4ef867 (webtiles) character file.

Game seed: 8871805435481223576

222 wildpjah the Gusty (level 5, -1/39 HPs)
             Began as a Draconian Air Elementalist on Nov 14, 2023.
             Slain by a hound (2 damage)
             ... on level 4 of the Dungeon.
             The game lasted 00:10:26 (4073 turns).

wildpjah the Gusty (Draconian Air Elementalist)     Turns: 4073, Time: 00:10:26

Health: -1/39      AC:  7    Str: 11    XL:     5   Next: 66%
Magic:  0/9        EV: 12    Int: 17    God:
Gold:   270        SH:  0    Dex: 11    Spells: 9/10 levels left

rFire   . . .        q - +0 mace (holy)
rCold   . . .        (no shield)
rNeg    . . .        (body armour unavailable)
rPois   .            p - +2 hat
rElec   .            (no cloak)
rCorr   .            (no gloves)
SInv    .            (no boots)
Will    .....        i - amulet of faith
Stlth   ++           (no ring)
HPRegen 0.26/turn    (no ring)
MPRegen 0.11/turn

%: faith
@: weakened
A: AC +5, unfitting armour, cold-blooded
a: no special abilities


You were on level 4 of the Dungeon.
You visited 1 branch of the dungeon, and saw 4 of its levels.

You collected 270 gold pieces.

Inventory:

Hand Weapons
 g - a +0 falchion
 q - a +0 mace of holy wrath (weapon)
Armour
 p - a +2 hat (worn)
Jewellery
 i - an amulet of faith (around neck)
Wands
 n - a wand of paralysis (13)
Scrolls
 c - 2 scrolls of teleportation {unknown}
 e - a scroll of fog {unknown}
 f - 3 scrolls of enchant armour {unknown}
 j - a scroll of immolation {unknown}
 k - 2 scrolls of identify {unknown}
 o - 2 scrolls of poison {unknown}
Potions
 a - a potion of magic
 b - a potion of attraction {unknown}
 d - 2 potions of lignification {unknown}
 h - 3 potions of heal wounds {unknown}
 l - a potion of ambrosia {unknown}
 m - a potion of enlightenment {unknown}


   Skills:
 + Level 0.6 Fighting
 + Level 2.0 Dodging
 + Level 2.2 Stealth
 + Level 3.2 Spellcasting
 + Level 3.1 Conjurations
 + Level 4.2 Air Magic


You had 9 spell levels left.
You knew the following spells:

 Your Spells              Type           Power      Damage    Failure   Level
a - Shock                 Conj/Air       60%        1d6       3%          1

Your spell library contained the following spells:

 Spells                   Type           Power      Damage    Failure   Level
 Static Discharge         Conj/Air       30%        3-5/arc   5%          2
 Swiftness                Air            17%        N/A       9%          3
 Momentum Strike          Conj/Tloc      16%        3d8       14%         2
 Blink                    Tloc           4%         N/A       26%         2
 Lesser Beckoning         Tloc           4%         N/A       26%         2
 Airstrike                Air            8%         2d(2-18)  28%         4


Dungeon Overview and Level Annotations

Branches:
Dungeon (4/15)
 Temple: D:4-7

Altars:

Shops:
D:4 (


Innate Abilities, Weirdness & Mutations

Your plain brown scales are hard. (AC +5)
You cannot fit into any form of body armour.
You are cold-blooded and may be slowed by cold attacks.


Message History

The gnoll hits you but does no damage. The gnoll attacks as it pursues you!
The gnoll barely misses you. The hound bites you but does no damage.
The gnoll hits you from afar with a +0 spear.
The gnoll is no longer moving quickly.
The gnoll bouda barks out a call to the hunt!
The gnoll picks up the pace!
The hound attacks as it pursues you! The hound bites you.
* * * LOW HITPOINT WARNING * * *
Aiming: Shock (safe; 3% risk of failure)
Press: ? - help, Q - select action, (/) - cycle Shift-Dir - straight line, p - gnoll bouda The zap hits the gnoll.
The gnoll is lightly wounded.
The zap hits the gnoll.
The gnoll is moderately wounded.
The hound bites you.
* * * LOW HITPOINT WARNING * * *
The gnoll closely misses you. The gnoll misses you.
The hound barely misses you.
Aiming: Shock (safe; 3% risk of failure)
Press: ? - help, Q - select action, (/) - cycle Shift-Dir - straight line The zap hits the gnoll.
The gnoll is moderately wounded.
The zap hits the gnoll.
The gnoll is almost dead.
The zap hits the hound.
The hound is almost dead.
The zap misses the hound.
The zap hits the gnoll.
The gnoll is moderately wounded.
The gnoll is no longer moving quickly. x2
The gnoll bouda barks out a call to the hunt!
The gnolls pick up the pace!
The gnoll barely misses you. The hound closely misses you.
The gnoll closely misses you. The gnoll hits you with a +3 whip.
* * * LOW HITPOINT WARNING * * *
You don't have enough magic to cast this spell.
You barely miss the gnoll.
The gnoll is almost dead.
The hound bites you.
You die...

## ## ## ### ####.# .# #. #.####
#.#..# #. #.###..#.### #...# #.#
#.#.......###...#
#.##....##.........### #
#....######..........## .#
###..### ##..#..)†....#
..###......####g@##.).#...))..
#...........##gh###...##....).
..#........##.g## #..## #g....
#.........#...# #))# #.......
##............## #..# #......
#........##...#####..####.......#
##.....####g..........#...##....#
.....### ##).....####...# #....#
#..#..####..#..### #.### ##.....


You could see a gnoll bouda, a hound and 3 gnolls.

Vanquished Creatures
  A hound (D:2)
  Ijyb (D:4)
  Robin (D:4)
  A gnoll (D:4)
  8 adders
  2 worms
  An orc (D:3)
  7 ball pythons
  5 endoplasms
  4 giant cockroaches
  6 hobgoblins
  3 quokkas
  4 bats
  2 frilled lizards (D:2)
  15 goblins
  5 kobolds
  4 rats
70 creatures vanquished.

Notes
Turn   | Place    | Note
-------+----------+-------------------------------------------
     0 | D:1      | wildpjah the Draconian Air Elementalist began the quest for
                  | the Orb.
     0 | D:1      | Reached XP level 1. HP: 14/14 MP: 3/3
   348 | D:1      | Reached XP level 2. HP: 20/20 MP: 3/5
   530 | D:1      | You fall into a shaft and drop 1 floor!
  1043 | D:2      | Reached XP level 3. HP: 27/27 MP: 2/6
  1455 | D:2      | Reached XP level 4. HP: 34/34 MP: 4/7
  3206 | D:4      | Noticed Ijyb
  3220 | D:4      | Reached skill level 4 in Air Magic
  3228 | D:4      | Paralysed by Ijyb for 4 turns
  3235 | D:4      | Killed Ijyb
  3236 | D:4      | Reached XP level 5. HP: 34/39 MP: 0/9
  3700 | D:4      | Found Qiguciot's Antique Weapon Boutique.
  3864 | D:4      | Noticed Robin
  3869 | D:4      | Killed Robin
  4072 | D:4      | HP: 1/39 [gnoll/+3 whip[a gnoll bouda] (6)]
  4073 | D:4      | Slain by a hound

Illustrated notes

Levels and vault maps discovered:
D:1:      dpeg_arrival_short_road, layout_basic
D:2:      layout_basic, chequers_serial_rivers_micro_a
D:3:      layout_loops_ring, serial_forest, infiniplex_forest_diagonal,
          infiniplex_forest_lined_3, infiniplex_forest_lined_3,
          infiniplex_forest_clump_long, infiniplex_forest_clump_medium,
          infiniplex_forest_clump_double, minmay_misc_feat_ornament,
          supply_closet_lemuel
D:4:      layout_layer_cave, serial_shops, shop, nicolae_half_adder, uniq_ijyb,
          uniq_robin

Skill      XL: |  1  2  3  4  5 |
---------------+----------------+-----
Stealth        | 2 |  2.2
Dodging        | 2 |  2.0
Conjurations   | 2 3 |  3.1
Spellcasting   | 3 |  3.2
Air Magic      | 4 |  4.2
Fighting       | |  0.6

Action                     |  1- 3 |  4- 6 || total
---------------------------+-------+-------++-------
  Melee: Unarmed           |    20 |       ||    20
         Tailslap          |     4 |     2 ||     6
         Punch             |     1 |       ||     1
         Falchion          |       |    21 ||    21
         Mace              |       |     1 ||     1
   Cast: Shock             |    48 |   116 ||   164
 Armour: Skin              |    20 |    52 ||    72
  Dodge: Dodged            |    17 |    53 ||    70

Table legend: (Time is in decaauts)
 A = Elapsed time spent in this place.
 B = Non-inter-level travel time spent in this place.
 C = Inter-level travel time spent in this place.
 D = Time resting spent in this place.
 E = Time spent auto-exploring this place.
 F = Levels seen in this place.
 G = Mean time per level.
                   A        B        C        D        E       F      G
               +--------+--------+--------+--------+--------+-----+--------+
         Total |   4078 |   4001 |     77 |      0 |   3509 |   4 | 1019.5 |
       Dungeon |   4078 |   4001 |     77 |      0 |   3509 |   4 | 1019.5 |
               +--------+--------+--------+--------+--------+-----+--------+

Top non-repeatable levels by time:
     D:3: 1296 daAuts
     D:4: 990 daAuts
     D:2: 941 daAuts
     D:1: 850 daAuts
